 Dungeon Crawl Stone Soup version 0.24.0-10-g970556be89 (webtiles) character file.

Game seed: 11801678795642614681, levelgen mode: deterministic

308 zyhmos the Ruffian (level 6, -11/61 HPs)
             Began as a Troll Berserker on Nov 4, 2019.
             Was a Priest of Trog.
             Killed from afar by Ijyb (18 damage)
             ... with a bolt of acid
             ... on level 4 of the Dungeon.
             The game lasted 00:06:40 (2139 turns).

zyhmos the Ruffian (Troll Berserker)                Turns: 2139, Time: 00:06:40

Health: -11/61     AC: -2    Str: 28    XL:     6   Next: 16%
Magic:  14/14      EV: 11    Int:  3    God:    Trog [***...]
Gold:   208        SH:  0    Dex:  9    Spells: 5/5 levels left

rFire    + . .     SeeInvis .     - Unarmed
rCold    . . .     Gourm    +   (no shield)
rNeg     . . .     Faith    .   a - +0 animal skin
rPois    .         Spirit   .   (helmet restricted)
rElec    .         Reflect  .   (no cloak)
rCorr    .         Harm     .   (gloves unavailable)
MR       .....                  (boots unavailable)
Stlth    +.........             i - amulet of magic regeneration
HPRegen  0.60/turn              d - ring of protection from fire
MPRegen  0.39/turn              q - ring of magical power

@: corroded
A: large, unfitting armour, claws 3, fast metabolism 3, gourmand, regeneration
1, shaggy fur 1, tough skin 3
a: Berserk, Trog's Hand, Renounce Religion


You were on level 4 of the Dungeon.
You worshipped Trog.
Trog was most pleased with you.
You were completely stuffed.

You visited 1 branch of the dungeon, and saw 4 of its levels.

You collected 208 gold pieces.

Inventory:

Armour
 a - a +0 animal skin (worn)
Jewellery
 d - a ring of protection from fire (left claw)
 i - an amulet of magic regeneration (around neck)
 q - a ring of magical power (right claw)
 s - a +1 ring of protection {unknown}
Scrolls
 c - a scroll of fear {unknown}
 e - a scroll of fog
 f - 2 scrolls of identify
 j - 2 scrolls of enchant armour
 l - 2 scrolls of remove curse
 n - a scroll of enchant weapon {unknown}
 r - a scroll of noise {unknown}
 w - a scroll of random uselessness {unknown}
Potions
 g - a potion of lignification {unknown}
 h - a potion of haste {unknown}
 k - 3 potions of agility {unknown}
 m - a potion of degeneration {unknown}
 o - 2 potions of mutation {unknown}
 p - a potion of magic {unknown}
 t - a potion of invisibility {unknown}
 u - 2 potions of flight {unknown}
Comestibles
 b - 11 rations
 v - a chunk of flesh


   Skills:
 + Level 3.2 Fighting
 + Level 3.4 Dodging
 + Level 0.5 Stealth
 + Level 5.5 Unarmed Combat


You had 5 spell levels left.
You didn't know any spells.
Your spell library was empty.

Dungeon Overview and Level Annotations

Branches:
Dungeon (4/15)
 Temple: D:4-7

Altars:
Okawaru
Ru
Yredelemnul

Annotations:
D:4 Ijyb


Innate Abilities, Weirdness & Mutations

You are too large for most types of armour.
You have claws for hands.
Your metabolism is lightning-fast.
You like to eat raw meat.
Your natural rate of healing is unusually fast.
You are covered in fur. (AC +1)
You have extremely tough skin. (AC +3)


Message History

You are too injured to fight recklessly!
You are too injured to fight recklessly!
Ijyb hits you with a +0 dagger.
There is an open door here.
You scratch Ijyb.
Ijyb is lightly wounded.
Ijyb zaps a wand.
The bolt of acid hits you. The acid corrodes you!
You are splashed with acid!
* * * LOW HITPOINT WARNING * * *
You scratch Ijyb but do no damage.
Ijyb is lightly wounded.
Ijyb barely misses you.
You barely miss Ijyb.
Ijyb is lightly wounded.
Ijyb hits you with a +0 dagger.
* * * LOW HITPOINT WARNING * * *
You barely miss Ijyb.
Ijyb is lightly wounded.
Ijyb zaps a wand.
The bolt of acid hits you!!
You die...

## #.. ##.##
#####...########
§.§.#...#.○.○.○#
######
....'...@g..._.#
#..... ###
§.§.#...#.○.○.○#
##.#### ..# #
#...######## #..##..
..############.##
#########..##..
....#..........#
#.......[..##..
....#.........##
.#####......#...
....#.........###.#
########..#
...................
#<.^
....#.........#.#.###
# #######.(


You could see Ijyb.

Vanquished Creatures
  A howler monkey (D:3)
  A hound (D:4)
  A centaur skeleton (D:4)
  An orc wizard (D:3)
  Jessica (D:3)
  A worker ant (D:4)
  4 adders
  A shadow imp (D:3)
  An ooze (D:3)
  4 worms
  3 dart slugs
  2 leopard geckos (D:1)
  7 orcs
  6 bats
  4 giant cockroaches
  6 goblins
  4 hobgoblins
  3 quokkas
  8 frilled lizards
  7 kobolds
  6 rats
72 creatures vanquished.

Notes
Turn   | Place    | Note
-------+----------+-------------------------------------------
     0 | D:1      | zyhmos the Troll Berserker began the quest for the Orb.
     0 | D:1      | Reached XP level 1. HP: 22/22 MP: 0/0
   110 | D:1      | Reached XP level 2. HP: 24/29 MP: 1/1
   600 | D:2      | Found a sacrificial altar of Ru.
   606 | D:2      | Reached ** piety under Trog
   606 | D:2      | Reached XP level 3. HP: 35/36 MP: 2/2
   851 | D:2      | Found an iron altar of Okawaru.
   861 | D:2      | Reached skill level 4 in Unarmed Combat
  1052 | D:3      | Reached XP level 4. HP: 44/44 MP: 3/3
  1093 | D:3      | Noticed Jessica
  1101 | D:3      | Killed Jessica
  1153 | D:3      | Reached XP level 5. HP: 14/53 MP: 4/4
  1561 | D:3      | Reached skill level 5 in Unarmed Combat
  1625 | D:3      | Reached *** piety under Trog
  2032 | D:4      | Reached XP level 6. HP: 61/61 MP: 5/5
  2133 | D:4      | Found a basalt altar of Yredelemnul.
  2133 | D:4      | Noticed Ijyb
  2139 | D:4      | Killed from afar by Ijyb

Levels and vault maps discovered:
D:1:      tarquinn_simple_flora_water_e, layout_rooms, lemuel_flame_loot_1
D:2:      layout_loops_ring, okawaru_trees_2, nicolae_ru_awakened_eye,
          moated_statue
D:3:      layout_rooms, minmay_box_of_dots, uniq_jessica
D:4:      layout_basic, grunt_temple_overflow_holy_war, uniq_ijyb

Skill      XL: |  1  2  3  4  5 |
---------------+----------------+-----
Unarmed Combat | 4 5 |  5.5
Fighting       | 3 |  3.2
Dodging        | 3 |  3.4
Stealth        | |  0.5

Action                   |  1- 3 |  4- 6 || total
-------------------------+-------+-------++-------
Melee: Unarmed           |    87 |    83 ||   170
       Punch             |       |     1 ||     1
Invok: Berserk           |       |     1 ||     1
  Use: Scroll            |       |     6 ||     6
 Stab: Sleeping          |     1 |       ||     1
  Eat: Chunk             |    14 |    12 ||    26
Armor: Animal skin       |    53 |    30 ||    83
Dodge: Dodged            |    52 |    43 ||    95
